 Dungeon Crawl Stone Soup version 0.19.5 (webtiles) character file.

3645 Kisielow the Carver (level 9, 0/81 HPs)
             Began as a Minotaur Fighter on May 23, 2017.
             Was a Believer of Okawaru.
             Slain by a freezing wraith (13 damage)
             ... on level 9 of the Dungeon.
             The game lasted 00:13:47 (8226 turns).

Kisielow the Carver (Minotaur Fighter)              Turns: 8226, Time: 00:13:48

Health: 0/81       AC: 15    Str: 29    XL:     9   Next: 88%
Magic:  16/17      EV:  9    Int:  5    God:    Okawaru [**....]
Gold:   572        SH: 13    Dex:  7    Spells: 0 memorised, 8 levels left

rFire  . . .     SeeInvis .     s - +1 scimitar
rCold  . . .     Gourm    .     G - +0 plate armour
rNeg   . . .     Faith    +     c - +0 shield
rPois  .         Spirit   .     (helmet restricted)
rElec  .         Reflect  .     (no cloak)
rCorr  .         Harm     .     (no gloves)
MR     .....                    w - +1 pair of boots
Stlth  ..........               F - amulet of faith
                                (no ring)
                                q - ring of magical power

@: heroism, very slightly contaminated, hasted and slowed
A: retaliatory headbutt, horns 2, yellow scales 1, clumsy 1, deformed body,
strong 2
a: Heroism, Renounce Religion


You were on level 9 of the Dungeon.
You worshipped Okawaru.
Okawaru was pleased with you.
You were not hungry.

You visited 2 branches of the dungeon, and saw 10 of its levels.
You also visited: Sewer.

You collected 599 gold pieces.
You spent 27 gold pieces at shops.

Inventory:

Hand Weapons
 s - a +1 scimitar (weapon)
Armour
 c - a +0 shield (worn)
 w - a +1 pair of boots (worn)
 G - a +0 plate armour (worn)
Jewellery
 d - an uncursed ring of flight {unknown}
 q - a ring of magical power (left hand)
 x - an uncursed amulet of regeneration
 F - an amulet of faith (around neck)
Wands
 C - a wand of flame (34/48)
Scrolls
 g - a scroll of recharging
 h - 2 scrolls of teleportation
 i - 2 scrolls of identify
 k - a scroll of immolation {unknown}
 n - 4 scrolls of remove curse
 u - a scroll of amnesia
 y - 2 scrolls of enchant armour
 A - 2 scrolls of blinking
Potions
 a - 2 potions of lignification
 e - 2 potions of degeneration {unknown}
 j - a potion of haste
 l - a potion of agility {unknown}
 r - 2 potions of curing {unknown}
 t - a potion of brilliance {unknown}
 v - 2 potions of berserk rage {unknown}
 z - 2 potions of resistance {unknown}
 B - 2 potions of ambrosia {unknown}
 D - a potion of cancellation {unknown}
Comestibles
 b - 8 chunks of flesh
 f - 6 bread rations
 o - 4 meat rations
 p - a slice of pizza
 E - a royal jelly


   Skills:
 + Level 8.2(13.2) Fighting
 * Level 11.4(16.4) Long Blades
 + Level 8.1(13.1) Armour
 + Level 8.1(13.1) Shields


You had 8 spell levels left.
You didn't know any spells.

Dungeon Overview and Level Annotations

Branches:
Dungeon (9/15)             Temple (1/1) D:5
   Lair: D:8-11         Orc: D:9-12

Altars:
Ashenzari
Cheibriados
Dithmenos
Elyvilon
Fedhas
Gozag
Hepliaklqana
Kikubaaqudgha
Makhleb
Nemelex Xobeh
Okawaru
Qazlal
Ru
Sif Muna
Uskayaw
Vehumet
Xom
Yredelemnul
Zin
The Shining One

Shops:
D:4 (   D:5 *   D:6 *   D:8 *:*[(


Innate Abilities, Weirdness & Mutations

You reflexively headbutt those who attack you in melee.
You have a pair of horns on your head.
You are partially covered in yellow scales. (AC +2)
You are clumsy. (Dex -2)
Armour fits poorly on your strangely shaped body.
Your muscles are very strong. (Str +4)


Message History

The freezing wraith is almost destroyed.
The freezing wraith hits you but does no damage. x2
The bullfrog hits you but does no damage.
You hit the freezing wraith.
Your headbutt misses the freezing wraith.
The freezing wraith is almost destroyed.
The bullfrog hits you but does no damage.
The freezing wraith hits you but does no damage.
The freezing wraith hits you.
* * * LOW HITPOINT WARNING * * *
You completely miss the freezing wraith.
The freezing wraith is almost destroyed.
The bullfrog hits you but does no damage.
You closely miss the freezing wraith.
Your headbutt misses the freezing wraith.
The freezing wraith is almost destroyed.
The bullfrog closely misses you. The freezing wraith hits you.
* * * LOW HITPOINT WARNING * * *
The freezing wraith freezes you!
You die...

####+ #... ####.########
#...........#
##...........###
#@/..>.......'.##
......WF}..........#..##
.......#...........##..#
...$...#...........###..
......##...$.......# ###
...... #...........#
....?. #...........#
###### #############


You could see a freezing wraith and a bullfrog.

Vanquished Creatures
  Joseph (D:7)
  A hornet (D:7)
  A wyvern (D:8)
  A hungry ghost (D:7)
  4 sky beasts
  3 orc warriors
  Purgy (Sewer)
  A phantom (D:5)
  3 ogres
  A centaur (D:7)
  2 bullfrogs
  2 scorpions
  4 killer bees (D:7)
  A howler monkey (D:5)
  4 crimson imps
  A bullfrog zombie (D:5)
  A centaur zombie (D:8)
  3 jellies
  3 hounds
  2 orc priests
  A bullfrog skeleton (D:5)
  An iguana (D:8)
  6 worker ants
  6 orc wizards
  2 hound skeletons
  2 hound zombies
  Robin (D:4)
  6 gnolls
  12 adders
  2 shadow imps (D:8)
  2 oozes
  6 worms
  4 dart slugs
  5 leopard geckos
  29 orcs
  6 giant cockroaches
  19 goblins
  17 hobgoblins
  12 jackals
  5 quokkas
  2 ball pythons
  13 bats
  2 frilled lizards
  11 kobolds
  A leopard gecko skeleton (D:8)
  A quokka skeleton (D:4)
  A quokka zombie (D:7)
  8 rats
223 creatures vanquished.

Notes
Turn   | Place    | Note
-------+----------+-------------------------------------------
     0 | D:1      | Kisielow the Minotaur Fighter began the quest for the Orb.
     0 | D:1      | Reached XP level 1. HP: 19/19 MP: 0/0
    65 | D:1      | Reached skill level 3 in Long Blades
   202 | D:1      | Reached XP level 2. HP: 25/26 MP: 1/1
   400 | D:1      | You fall through a shaft!
   524 | D:1      | Reached skill level 4 in Long Blades
   679 | D:2      | Reached XP level 3. HP: 31/31 MP: 2/2
  1027 | D:2      | Reached skill level 5 in Long Blades
  1228 | D:2      | Reached XP level 4. HP: 39/39 MP: 3/3
  2217 | D:3      | Reached XP level 5. HP: 33/46 MP: 4/4
  2758 | D:4      | Reached skill level 6 in Long Blades
  2761 | D:4      | Noticed an ogre
  2767 | D:4      | Killed an ogre
  2767 | D:4      | Reached XP level 6. HP: 52/52 MP: 5/5
  3156 | D:4      | Found Jeadoc's Antique Weapon Emporium.
  3413 | D:4      | Reached skill level 7 in Long Blades
  3437 | D:4      | Noticed Robin
  3465 | D:4      | Reached skill level 5 in Armour
  3469 | D:4      | Killed Robin
  3585 | D:4      | Reached skill level 5 in Shields
  3895 | D:5      | Entered Level 5 of the Dungeon
  3909 | D:5      | Reached XP level 7. HP: 57/60 MP: 6/6
  3912 | D:5      | Found a shimmering altar of Xom.
  4051 | D:5      | Found a glowing drain.
  4059 | Sewer    | Entered a sewer
  4090 | Sewer    | Noticed Purgy
  4102 | Sewer    | Killed Purgy
  4102 | Sewer    | Reached skill level 5 in Fighting
  4420 | D:5      | Found a hazy altar of Hepliaklqana.
  4428 | D:5      | Reached skill level 8 in Long Blades
  4511 | D:5      | Gained mutation: You are clumsy. (Dex -2) [mutagenic meat]
  4512 | D:5      | Gained mutation: Your muscles are strong. (Str +2) [mutagenic meat]
  4513 | D:5      | Gained mutation: Armour fits poorly on your strangely shaped body. [mutagenic meat]
  4514 | D:5      | Gained mutation: You are partially covered in yellow scales. (AC +2) [mutagenic meat]
  4728 | D:5      | Found Zeutzaeb's General Store.
  4730 | D:5      | Reached XP level 8. HP: 70/70 MP: 7/7
  4754 | D:5      | Bought a potion of mutation for 27 gold pieces
  4754 | D:5      | Gained mutation: Your muscles are very strong. (Str +4) [potion of mutation]
  4754 | D:5      | Gained mutation: Scrolls take you a little longer to read. [potion of mutation]
  4787 | D:5      | Found a staircase to the Ecumenical Temple.
  4854 | Temple   | Entered the Ecumenical Temple
  4982 | Temple   | Became a worshipper of Warmaster Okawaru
  5365 | D:6      | Found Woffuud's General Store.
  6169 | D:7      | Reached skill level 9 in Long Blades
  6243 | D:7      | Noticed a hornet
  6252 | D:7      | Paralysed by a hornet for 1 turns
  6255 | D:7      | Killed a hornet
  6255 | D:7      | Reached * piety under Okawaru
  6544 | D:7      | Found a snail-covered altar of Cheibriados.
  6548 | D:7      | Found a radiant altar of Vehumet.
  6550 | D:7      | Found a sacrificial altar of Ru.
  6553 | D:7      | Reached XP level 9. HP: 79/79 MP: 8/8
  6597 | D:7      | Noticed Joseph
  6598 | D:7      | Reached skill level 10 in Long Blades
  6941 | D:7      | Killed Joseph
  7035 | D:8      | Found Fuut's Weapon Shop.
  7050 | D:8      | Found Siats's Antique Armour Boutique.
  7061 | D:8      | Found Xap Moim's General Store.
  7241 | D:8      | Found Tolop's Book Shoppe.
  7426 | D:8      | Found Kaprosch's General Store.
  7652 | D:8      | Reached ** piety under Okawaru
  7717 | D:8      | Reached skill level 11 in Long Blades
  7995 | D:8      | Lost mutation: Scrolls take you a little longer to read. [mutagenic meat]
  8206 | D:9      | Noticed a freezing wraith
  8226 | D:9      | Slain by a freezing wraith

Skill      XL: |  1  2  3  4  5  6  7  8  9 |
---------------+----------------------------+-----
Long Blades    | 3 4 5 6 7 8 9 11 | 11.4
Armour         | 4 5 7 8 |  8.1
Shields        | 4 5 7 8 |  8.1
Fighting       | 4 5 7 8 |  8.2

Action                   |  1- 3 |  4- 6 |  7- 9 || total
-------------------------+-------+-------+-------++-------
Melee: Long sword        |    75 |    59 |       ||   134
       Headbutt          |    10 |    38 |    64 ||   112
       Scimitar          |       |   132 |   396 ||   528
Invok: Heroism           |       |       |     1 ||     1
  Use: Scroll            |       |     9 |     3 ||    12
       Potion            |       |       |     4 ||     4
  Eat: Chunk             |     1 |     9 |    14 ||    24
       Meat ration       |       |       |     1 ||     1
       Fruit             |       |       |     1 ||     1
       Beef jerky        |       |       |     1 ||     1
Armor: Scale mail        |    28 |    78 |   118 ||   224
       Plate armour      |       |       |    40 ||    40
Dodge: Dodged            |    21 |    66 |    75 ||   162
Block: Shield            |    33 |   101 |   172 ||   306
       Rpst.: Long sword |     6 |     8 |       ||    14
       Scimitar          |       |    12 |    20 ||    32
